wizbiz, neutral female human Wizard ---------- |.........# -------------------------------- |........|# |..................%..%).%.....| |........|# |.------ --------------..-----..# |........|# |@|....| |...|....| +..-.((|.| ------.---# |.|....| |...|... |..|.((|.| ## # ##.@---|----|...||------|..|(((|.| # # # |......|..|...|.|..|..|.-----|.| ### #### |.----.|..--|--.|..|..|.|)...|.| # ## |.|..-.-|--..{..-|-|..|.|.._.|.| ### #### |.|..|.............-|--.-....|.| --.--- # # |.|---.---.----|--......|....|.| |.>*..##### ###|.|..|...|.+ |..---|--------|.| |..).| #..|..|.((|.| |..| ...|#.|...-.| |..(.| |.|..|(.(|.---|..|....|..|...|.| ------ |.-|------..{.---------|------.| |..............................| -------------------------------- wizbiz the Thaumaturge Experience level: 8 Strength: 11 Dexterity: 12 Constitution: 11 Intelligence: 18 Wisdom: 13 Charisma: 10 Health: 0(40) Energy: 34(86) Def: 7 Gold: 1317 Moves: 5890 Dungeon seed: tdAGlgOjT6yZjkAD Game ID: wizbiz_1528551692 Your Inventory: Coins $ - 1317 gold pieces Weapons a - a blessed +1 quarterstaff (weapon in hands) F - 8 +0 arrows Armor h - an uncursed +1 cloak of magic resistance (being worn) n - an uncursed +0 leather armor (being worn) q - an uncursed +0 orcish helm (being worn) r - an uncursed +0 pair of leather gloves y - a blessed +1 pair of speed boots (being worn) Comestibles O - an uncursed orange Scrolls k - an uncursed scroll of scare monster p - an uncursed scroll of teleportation w - a blessed scroll of teleportation x - a cursed scroll of enchant weapon A - a cursed scroll of create monster X - an uncursed scroll of blank paper Spellbooks M - an uncursed spellbook of charm monster Potions g - an uncursed potion of water P - a cursed potion of speed Rings c - an uncursed ring of slow digestion (on left hand) d - an uncursed ring of invisibility u - an uncursed ring of warning E - a cursed ring of teleportation G - an uncursed ring of stealth K - a cursed ring of searching S - an uncursed ring of slow digestion Wands b - a wand of speed monster (0:8) Q - a wand of make invisible (0:8) Y - a wand of polymorph (0:7) Tools e - an uncursed skeleton key t - an uncursed leash D - an uncursed tallow candle (0:200) H - a cursed wax candle (0:400) U - an uncursed magic lamp V - an uncursed oil lamp (0:1282) Gems f - 2 uncursed worthless pieces of white glass l - an uncursed chrysoberyl stone s - an uncursed fluorite stone B - 2 uncursed touchstones I - an uncursed worthless piece of violet glass J - 2 uncursed worthless pieces of red glass N - an uncursed garnet stone R - an uncursed worthless piece of yellow glass Z - 2 uncursed worthless pieces of green glass Spells and supernatural/magical abilities: Name Level Category Fail Memory a - force bolt 1 attack 0% 71% e - charm monster 3 enchantment 1% 90% n - detect monsters 1 divination 0% 87% z - sleep 1 enchantment 0% 87% O - create monster 2 clerical 59% 71% U - detect unseen 3 divination 86% 79% W - pray for help -- divine ? -- Your skills at the end: Fighting Skills Weapon Skills quarterstaff [Skilled] Spellcasting Skills attack spells [Skilled] enchantment spells [Basic] Final Attributes: You were piously aligned. You were magic-protected. You had slower digestion. You were very fast. You are dead. Vanquished creatures: a large mimic a pyrolisk a shocking sphere a leocrotta 3 quivering blobs 4 wolves a leprechaun 2 giant spiders a gnome king a dwarf mummy a chickatrice a dog a dwarf lord a blue jelly an ape a bugbear 2 imps a wood nymph a mountain nymph 5 Uruk-hai a rock mole a violet fungus 7 gnome lords 6 gnomish wizards a kobold mummy an elf zombie a ghoul 3 giant ants 2 floating eyes 2 kittens 12 dwarves a homunculus a kobold lord a rothe a giant bat 6 monkeys a dwarf zombie a wererat an iguana 2 acid blobs a gas spore 4 hobbits a large kobold 7 giant rats 3 cave spiders 3 yellow molds a green mold 42 gnomes a gnome zombie 5 geckos a jackal 3 foxes 4 kobolds 3 goblins 10 sewer rats 3 grid bugs 5 lichens a kobold zombie 5 newts 186 creatures vanquished. Voluntary challenges: You had been an atheist until turn 5159. You used a wielded weapon 228 times, starting on turn 19. You read items or engraved 25 times, starting on turn 1162. You never genocided any monsters. You never polymorphed an object. You never changed form. You used no wishes. You never split a pudding. You never wrote Elbereth's name. You never violated your personal moral code. Dungeon overview: The Dungeons of Doom: levels 1 to 9 Level 1 a long staircase Level 2 an armor shop, a fountain Level 3 a potion shop Level 4 some fountains stairs to The Gnomish Mines Level 5 Level 6 Level 7 some fountains Level 8 a fountain Level 9 many fountains The Gnomish Mines: levels 5 to 11 Level 5 stairs to The Dungeons of Doom Level 6 Level 7 <- You were here some shops, a temple to Thoth, some fountains, a sink Level 8 Level 9 Level 10 Level 11 History has recorded: On T:1 you entered the Dungeons of Doom to retrieve the Amulet of Yendor! On T:48 you reached level 2 of The Dungeons of Doom. On T:468 you advanced to experience level 2. On T:488 you reached level 3 of The Dungeons of Doom. On T:568 you advanced to experience level 3. On T:679 you advanced to experience level 4. On T:1137 you reached level 4 of The Dungeons of Doom. On T:1380 you advanced to experience level 5. On T:1452 you reached level 5 of The Dungeons of Doom. On T:1486 you reached level 6 of The Dungeons of Doom. On T:1829 you reached level 7 of The Dungeons of Doom. On T:2147 you advanced to experience level 6. On T:2254 you reached level 8 of The Dungeons of Doom. On T:2470 you reached level 9 of The Dungeons of Doom. On T:2853 you reached level 1 of The Gnomish Mines. On T:3289 you advanced to experience level 7. On T:3734 you reached level 2 of The Gnomish Mines. On T:3788 you reached level 4 of The Gnomish Mines. On T:3851 you reached level 5 of The Gnomish Mines. On T:4597 you advanced to experience level 8. On T:4644 you reached level 7 of The Gnomish Mines. On T:4956 you reached level 3 of The Gnomish Mines. Score breakdown: Gold: 1317 (10612 points) Experience: 8 levels (14739 points) Exploration: 11 levels ( 22.00%) (13552 points) Discoveries: 31 items ( 10.76%) ( 9842 points) Valuables value: (no points given unless you survive) Artifact value: 0 ( 0 points) Variety of kills: 59 monsters ( 15.49%) (11805 points) Turncount: 5890 turns (-1596 points) Survival: died (score multiplied by 80%) Total score: 47163 Latest messages: "What lousy pay we're getting here!" "The food's not fit for Orcs!" "My feet hurt, I've been on them all day!" "What lousy pay we're getting here!" You destroy the gnome zombie! "My feet hurt, I've been on them all day!" "What lousy pay we're getting here!" (2x) "My feet hurt, I've been on them all day!" "My feet hurt, I've been on them all day!" The large dog bites! A trap door above the watchman opens, but nothing falls out! F - 8 arrows. H - a wax candle. You see here a bow. The large dog bites! You can't go up here. Izchak thrusts his broad short sword. Izchak hits! Izchak thrusts his broad short sword. Izchak hits! Izchak thrusts his broad short sword. Izchak hits! You die... Izchak looks at your corpse, shakes his head, and disappears. Final status: Goodbye wizbiz the Wizard, killed by a Mr. Izchak, the shopkeeper... You died in The Gnomish Mines on dungeon level 7 with 47163 points, and 1317 pieces of gold, after 5890 moves. You were level 8 with a maximum of 40 hit points when you died.